 Dungeon Crawl Stone Soup version 0.25-a0-614-g73ad250637 (webtiles) character file.

Game seed: 6959097100004071994, levelgen mode: deterministic

105 n0claF the Ruffian (level 4, -2/67 HPs)
             Began as a Troll Fighter on Mar 17, 2020.
             Succumbed to Terence's poison
             ... on level 2 of the Dungeon.
             The game lasted 00:03:27 (1321 turns).

n0claF the Ruffian (Troll Fighter)                  Turns: 1321, Time: 00:03:27

Health: -2/67      AC: 22    Str: 25    XL:     4   Next: 54%
Magic:  3/3        EV:  1    Int:  4    God:
Gold:   57         SH:  0    Dex:  9    Spells: 3/3 levels left

rFire    . . .     SeeInvis .   j - +0 spear (curse)
rCold    . . .     Gourm    +   (no shield)
rNeg     + + +     Faith    .   (armour currently unavailable)
rPois    +         Spirit   .   (helmet currently unavailable)
rElec    .         Reflect  .   (cloak currently unavailable)
rCorr    .         Harm     .   (gloves unavailable)
MR       .....     NoTele   +   (boots unavailable)
Stlth    +.........             (no amulet)
HPRegen  0.61/turn              (no ring)
MPRegen  0.08/turn              (no ring)

@: mighty, lethally poisoned (-2 -> -22), tree-form
A: large, unfitting armour, fast metabolism 3, gourmand, regeneration 1
a: no special abilities


You were on level 2 of the Dungeon.
You were completely stuffed.
You were a tree.
You visited 1 branch of the dungeon, and saw 2 of its levels.

You collected 57 gold pieces.

Inventory:

Hand Weapons
 j - a cursed +0 spear (weapon)
   (You found it on level 1 of the Dungeon)
Missiles
 m - a throwing net (quivered) {!f}
Armour
 a - a +0 robe (melded)
 b - a +0 kite shield
 o - a +2 cloak
   (You found it on level 2 of the Dungeon)
 q - a +0 cloak
   (You found it on level 2 of the Dungeon)
Scrolls
 f - 2 scrolls of teleportation {unknown}
 g - 2 scrolls of identify {unknown}
 i - 2 scrolls of immolation {unknown}
 l - 2 scrolls of blinking {unknown}
 n - a scroll of amnesia {unknown}
Potions
 d - a potion of lignification {!q}
 h - a potion of haste {unknown}
 p - a potion of heal wounds {unknown}
Comestibles
 e - 3 rations {!d}
 k - 2 chunks of flesh


   Skills:
 + Level 3.0 Fighting
 * Level 1.4 Polearms
 + Level 3.0 Dodging
 - Level 2.4 Shields
 - Level 3.0 Unarmed Combat


You had 3 spell levels left.
You didn't know any spells.
Your spell library was empty.

Dungeon Overview and Level Annotations

Branches:
Dungeon (2/15)

Altars:
Ashenzari
Cheibriados
Hepliaklqana

Annotations:
D:2 Terence


Innate Abilities, Weirdness & Mutations

You are too large for most types of armour.
((You have claws for hands.))
Your metabolism is lightning-fast.
You like to eat raw meat.
Your natural rate of healing is unusually fast.
((You are covered in fur. (AC +1)))
((You have extremely tough skin. (AC +3)))


Message History

You hit Terence but do no damage.
You feel sick.
You barely miss Terence.
You feel sick.
Terence shouts, "Get ready for death!"
Terence hits you with a +0 flail of venom.
You are more poisoned.
You closely miss Terence.
You feel sick. Terence barely misses you.
You hit Terence but do no damage.
You feel sick.
Terence hits you with a +0 flail of venom.
You are more poisoned.
You hit Terence.
You feel sick.
Terence hits you with a +0 flail of venom!
* * * LOW HITPOINT WARNING * * *
You are lethally poisoned!
You feel very mighty all of a sudden.
* * * LOW HITPOINT WARNING * * *
You feel very sick. Terence completely misses you.
It was a potion of lignification.
You turn into a tree.
Your +0 robe melds into your body.
Your roots penetrate the ground.
* * * LOW HITPOINT WARNING * * *
You feel very sick. Terence says, "Did you write a will?
You should..."
Terence hits you but does no damage.
You are more poisoned.
You are too injured to fight recklessly!
* * * LOW HITPOINT WARNING * * *
You feel very sick.
* * * LOW HITPOINT WARNING * * *
You feel very sick. Terence hits you but does no damage.
You are more poisoned.
* * * LOW HITPOINT WARNING * * *
You feel very sick. Terence hits you but does no damage.
* * * LOW HITPOINT WARNING * * *
You feel very sick. Terence hits you but does no damage.
You are more poisoned.
* * * LOW HITPOINT WARNING * * *
You feel very sick. Terence hits you but does no damage.
* * * LOW HITPOINT WARNING * * *
You feel very sick. Terence barely misses you.
* * * LOW HITPOINT WARNING * * *
You feel very sick.
* * * LOW HITPOINT WARNING * * *
You feel very sick. Terence hits you but does no damage.
You die...

#..........###...###..........
######+......#._.#............
#.....###...###..........
#...###.####'.###..##....
#.###....#.#....###......
#.......##.##.......#####
#.......#...#.......#
#......##@..##......#
#......#♣....#......#
#......#.....#......#
#..........##########
############


You could see Terence.

Vanquished Creatures
  5 adders (D:2)
  An ooze (D:1)
  A worm (D:2)
  2 dart slugs
  3 leopard geckos (D:2)
  2 giant cockroaches (D:1)
  4 goblins
  4 hobgoblins (D:2)
  4 jackals
  2 ball pythons (D:2)
  7 bats
  3 frilled lizards
  8 kobolds
  3 rats
49 creatures vanquished.

Notes
Turn   | Place    | Note
-------+----------+-------------------------------------------
     0 | D:1      | n0claF the Troll Fighter began the quest for the Orb.
     0 | D:1      | Reached XP level 1. HP: 22/22 MP: 0/0
   150 | D:1      | Reached XP level 2. HP: 25/29 MP: 1/1
   631 | D:2      | Reached XP level 3. HP: 36/36 MP: 2/2
   769 | D:2      | Found a snail-covered altar of Cheibriados.
   903 | D:2      | Reached skill level 1 in Polearms
   903 | D:2      | Reached XP level 4. HP: 30/44 MP: 3/3
   909 | D:2      | Found a shattered altar of Ashenzari.
  1146 | D:2      | Found a hazy altar of Hepliaklqana.
  1228 | D:2      | Noticed Terence
  1319 | D:2      | HP: 3/67 [poisoned by Terence]
  1320 | D:2      | HP: 1/67 [poisoned by Terence]
  1321 | D:2      | Succumbed to Terence's poison

Levels and vault maps discovered:
D:1:      wander_arrival_lonely_grave, layout_basic, minivault_27
D:2:      minmay_door_path, layout_basic, lemuel_doored_altar,
          nicolae_ashenzari_panopticon, cheibriados_altar_1, uniq_terence

Skill      XL: |  1  2  3  4 |
---------------+-------------+-----
Unarmed Combat | 3 |  3.0
Polearms       | 1 |  1.4
Fighting       | 3 |  3.0
Dodging        | 3 |  3.0
Shields        | |  2.4

Action                   |  1- 3 |  4- 6 || total
-------------------------+-------+-------++-------
Melee: Unarmed           |    56 |       ||    56
       Punch             |     2 |     1 ||     3
       Spear             |    58 |    92 ||   150
  Use: Potion            |       |     2 ||     2
 Stab: Sleeping          |       |     2 ||     2
  Eat: Chunk             |    14 |     4 ||    18
Armor: Robe              |    50 |    20 ||    70
       Skin              |       |     6 ||     6
Dodge: Dodged            |    81 |    38 ||   119

Table legend:
 A = Non-vault XP
 B = Vault XP
 C = Vault XP percentage of total XP
 D = Non-vault monster count
 E = Vault monster count
 F = Vault count percentage of total count
                 A         B        C        D         E       F
            +---------+---------+-------+---------+---------+-------
      Total |     134 |      17 |  11.3 |      45 |       4 |   8.2
            +---------+---------+-------+---------+---------+-------
        D:1 |      39 |       0 |   0.0 |      21 |       0 |   0.0
        D:2 |      95 |      17 |  15.2 |      24 |       4 |  14.3
            +---------+---------+-------+---------+---------+-------
